3R
SHERIDAN DEER @ BALLARD BEAVERS
08/24/2032
 
TOP OF THE 1ST
Sheridan Deer batting - Pitching for Ballard Beavers : RHP Manny Juárez
Pitching: RHP Manny Juárez
Batting: RHB Jorge Carrillo 0-0: Ball
1-0: Fly out, F8 (Flyball, 8RM)
Batting: LHB Jeremy Malzahn 0-0: Swinging Strike
0-1: Ball
1-1: Called Strike
1-2: Strikes out swinging
Batting: RHB Daniel Divina 0-0: Ball
1-0: Ball
2-0: Ball
3-0: Called Strike
3-1: Base on Balls
Batting: RHB Zitomir Weich 0-0: Ball
1-0: Foul Ball, location: 2F
1-1: SINGLE (Popup, 4MD)
Daniel Divina to second
Runner from 2nd tries for 3rd, SAFE, no throw
Batting: RHB Chaim Werkman 0-0: Fly out, F4 (Line Drive, 4)
Top of the 1st over - 0 runs, 1 hit, 0 errors, 2 left on base; Sheridan 0 - Ballard 0
BOTTOM OF THE 1ST
Ballard Beavers batting - Pitching for Sheridan Deer : RHP Albert Karlier
Pitching: RHP Albert Karlier
Batting: RHB Lorenzo López 0-0: Ball
1-0: Called Strike
1-1: Ball
2-1: Ground out 5-3 (Groundball, 56)
Batting: RHB Domingo Torres 0-0: Ball
1-0: Fly out, F8 (Flyball, 8LM)
Batting: LHB Senichi Ito 0-0: Ball
1-0: Ball
2-0: Called Strike
2-1: Called Strike
2-2: Strikes out looking
Bottom of the 1st over - 0 runs, 0 hits, 0 errors, 0 left on base; Sheridan 0 - Ballard 0
TOP OF THE 2ND
Sheridan Deer batting - Pitching for Ballard Beavers : RHP Manny Juárez
Batting: RHB Gabriel Torres 0-0: Ball
1-0: Called Strike
1-1: Swinging Strike
1-2: Ball
2-2: SINGLE (Line Drive, 6MD)
Batting: RHB Brian Andrade 0-0: Foul Ball, location: 2F
0-1: Foul Ball, location: 2F
0-2: Strikes out swinging
Batting: RHB Ju-choer Park 0-0: Swinging Strike
0-1: Swinging Strike
0-2: Ball
1-2: Ball
2-2: Strikes out looking
Batting: RHB Tolenka Kafengauz 0-0: Called Strike
0-1: Ball
1-1: Called Strike
1-2: Foul Ball, location: 2F
1-2: Foul Ball, location: 2F
1-2: Ball
Wild Pitch!
Gabriel Torres to second
2-2: Fly out, F9 (Flyball, 89M)
Top of the 2nd over - 0 runs, 1 hit, 0 errors, 1 left on base; Sheridan 0 - Ballard 0
BOTTOM OF THE 2ND
Ballard Beavers batting - Pitching for Sheridan Deer : RHP Albert Karlier
Batting: RHB Carlo Manlulu 0-0: Called Strike
0-1: Ball
1-1: Ball
2-1: Foul Ball, location: 2F
2-2: SINGLE (Groundball, 56D)
Batting: SHB Alberto González 0-0: Grounds out, U3 (Groundball, 3L)
Batting: RHB Bob Smelcer 0-0: Called Strike
0-1: Ball
1-1: Foul Ball, location: 2F
1-2: Foul Ball, location: 2F
1-2: Foul Ball, location: 2F
1-2: Strikes out swinging
Batting: RHB Clarence Coffin 0-0: Ball
1-0: Ball
2-0: Ball
3-0: Base on Balls
Batting: RHB Jim McMahon 0-0: Ball
1-0: Called Strike
1-1: Swinging Strike
1-2: Ball
2-2: Strikes out swinging
Bottom of the 2nd over - 0 runs, 1 hit, 0 errors, 2 left on base; Sheridan 0 - Ballard 0
TOP OF THE 3RD
Sheridan Deer batting - Pitching for Ballard Beavers : RHP Manny Juárez
Batting: RHB Jorge Carrillo 0-0: Ball
1-0: Swinging Strike
1-1: Ball
2-1: Ball
3-1: Base on Balls
Batting: LHB Jeremy Malzahn 0-0: Ball
Jorge Carrillo steals 2nd base
1-0: Fly out, F8 (Flyball, 8LXD)
Runner from 2nd tags up, SAFE at 3rd, no throw
Batting: RHB Daniel Divina 0-0: Called Strike
0-1: Called Strike
0-2: Foul Ball, location: 2F
0-2: Foul Ball, location: 2F
0-2: Ground out 4-3 (Groundball, 4)
Jorge Carrillo scores
Batting: RHB Zitomir Weich 0-0: Called Strike
0-1: Foul Ball, location: 2F
0-2: Ball
1-2: SOLO HOME RUN (Flyball, 78XD), Distance : 434 ft
Batting: RHB Chaim Werkman 0-0: Ball
1-0: Called Strike
1-1: Foul Ball, location: 2F
1-2: Foul Ball, location: 2F
1-2: Ground out 5-3 (Groundball, 5L)
Top of the 3rd over - 2 runs, 1 hit, 0 errors, 0 left on base; Sheridan 2 - Ballard 0
BOTTOM OF THE 3RD
Ballard Beavers batting - Pitching for Sheridan Deer : RHP Albert Karlier
Batting: RHB Marcos Avilés 0-0: Called Strike
0-1: SINGLE (Groundball, 34D)
Batting: RHB Lorenzo López 0-0: Ball
1-0: Fly out, F9 (Flyball, 9LS)
Batting: RHB Domingo Torres 0-0: Foul Ball, location: 2F
0-1: Ball
1-1: Called Strike
1-2: Strikes out looking
Batting: LHB Senichi Ito 0-0: Ball
1-0: Called Strike
1-1: Foul Ball, location: 2F
1-2: Strikes out swinging
Bottom of the 3rd over - 0 runs, 1 hit, 0 errors, 1 left on base; Sheridan 2 - Ballard 0
TOP OF THE 4TH
Sheridan Deer batting - Pitching for Ballard Beavers : RHP Manny Juárez
Batting: RHB Gabriel Torres 0-0: Called Strike
0-1: Foul Ball, location: 2F
0-2: Ball
1-2: Strikes out swinging
Batting: RHB Brian Andrade 0-0: Ball
1-0: Swinging Strike
1-1: Foul Ball, location: 2F
1-2: Ball
2-2: Ball
3-2: Strikes out swinging
Batting: RHB Ju-choer Park 0-0: Ball
1-0: Ball
2-0: Fly out, F7 (Flyball, 7LM)
Top of the 4th over - 0 runs, 0 hits, 0 errors, 0 left on base; Sheridan 2 - Ballard 0
BOTTOM OF THE 4TH
Ballard Beavers batting - Pitching for Sheridan Deer : RHP Albert Karlier
Batting: RHB Carlo Manlulu 0-0: Ball
1-0: Ground out 6-3 (Groundball, 6)
Batting: SHB Alberto González 0-0: Ball
1-0: Called Strike
1-1: Ball
2-1: Foul Ball, location: 2F
2-2: Strikes out swinging
Batting: RHB Bob Smelcer 0-0: Called Strike
0-1: Bunt for hit - play at first, batter OUT! 1-3
Bottom of the 4th over - 0 runs, 0 hits, 0 errors, 0 left on base; Sheridan 2 - Ballard 0
TOP OF THE 5TH
Sheridan Deer batting - Pitching for Ballard Beavers : RHP Manny Juárez
Batting: RHB Tolenka Kafengauz 0-0: Fly out, F7 (Flyball, 7)
Batting: RHB Jorge Carrillo 0-0: SINGLE (Line Drive, 34)
Batting: LHB Jeremy Malzahn 0-0: Foul Ball, location: 2F
0-1: Grounds into double play, 5-4-3 (Groundball, 56)
Top of the 5th over - 0 runs, 1 hit, 0 errors, 0 left on base; Sheridan 2 - Ballard 0
BOTTOM OF THE 5TH
Ballard Beavers batting - Pitching for Sheridan Deer : RHP Albert Karlier
Batting: RHB Clarence Coffin 0-0: Called Strike
0-1: Foul Ball, location: 2F
0-2: Ball
1-2: Ground out 6-3 (Groundball, 6)
Batting: RHB Jim McMahon 0-0: Ground out 3-1 (Groundball, 34)
Batting: RHB Marcos Avilés 0-0: Ball
1-0: Foul Ball, location: 2F
1-1: Called Strike
1-2: Strikes out swinging
Bottom of the 5th over - 0 runs, 0 hits, 0 errors, 0 left on base; Sheridan 2 - Ballard 0
TOP OF THE 6TH
Sheridan Deer batting - Pitching for Ballard Beavers : RHP Manny Juárez
Batting: RHB Daniel Divina 0-0: Swinging Strike
0-1: Ball
1-1: Called Strike
1-2: Foul Ball, location: 2F
1-2: Ball
2-2: SINGLE (Line Drive, 8LS)
Batting: RHB Zitomir Weich 0-0: Called Strike
0-1: Foul Ball, location: 2F
0-2: Foul Ball, location: 2F
0-2: Ball
1-2: Fielders Choice at 2nd, 1-6 (Groundball, P)
Batting: RHB Chaim Werkman 0-0: Grounds into double play, 5-4-3 (Groundball, 56)
Top of the 6th over - 0 runs, 1 hit, 0 errors, 0 left on base; Sheridan 2 - Ballard 0
BOTTOM OF THE 6TH
Ballard Beavers batting - Pitching for Sheridan Deer : RHP Albert Karlier
Batting: RHB Lorenzo López 0-0: Called Strike
0-1: Foul Ball, location: 2F
0-2: Ball
1-2: Fly out, F7 (Flyball, 7S)
Batting: RHB Domingo Torres 0-0: Ball
1-0: Ball
2-0: DOUBLE (Line Drive, 78D)
Batting: LHB Senichi Ito 0-0: Fly out, F7 (Flyball, 78S)
Batting: RHB Carlo Manlulu 0-0: Ball
1-0: Ball
2-0: Ball
3-0: Called Strike
3-1: Called Strike
3-2: Foul Ball, location: 2F
3-2: Foul Ball, location: 2F
3-2: Foul Ball, location: 2F
3-2: Base on Balls
Batting: SHB Alberto González 0-0: Ball
1-0: Called Strike
1-1: Ball
2-1: Ball
3-1: Swinging Strike
3-2: Ground out 6-3 (Groundball, 6)
Bottom of the 6th over - 0 runs, 1 hit, 0 errors, 2 left on base; Sheridan 2 - Ballard 0
TOP OF THE 7TH
Sheridan Deer batting - Pitching for Ballard Beavers : RHP Manny Juárez
Batting: RHB Gabriel Torres 0-0: Ball
1-0: Called Strike
1-1: Ground out U3 (Groundball, 3)
Batting: RHB Brian Andrade 0-0: Ball
1-0: Called Strike
1-1: Swinging Strike
1-2: Ball
2-2: SINGLE (Groundball, 3S) (infield hit)
Pitching: RHP Gregorio Garza
Batting: RHB Ju-choer Park 0-0: Called Strike
0-1: Swinging Strike
0-2: Ball
1-2: Foul Ball, location: 2F
1-2: Strikes out swinging
Batting: RHB Tolenka Kafengauz 0-0: Called Strike
Brian Andrade steals 2nd base
0-1: Ground out 5-3 (Groundball, 56S)
Top of the 7th over - 0 runs, 1 hit, 0 errors, 1 left on base; Sheridan 2 - Ballard 0
BOTTOM OF THE 7TH
Ballard Beavers batting - Pitching for Sheridan Deer : RHP Albert Karlier
Pitching: RHP Pedro Ángel
Batting: RHB Bob Smelcer 0-0: Called Strike
0-1: Foul Ball, location: 2F
0-2: Strikes out looking
Batting: RHB Clarence Coffin 0-0: Ball
1-0: Called Strike
1-1: Ball
2-1: Ball
3-1: Base on Balls
Batting: RHB Jim McMahon 0-0: Ball
1-0: Fly out, F3 (Flyball, 3D)
Batting: RHB Marcos Avilés 0-0: Ball
1-0: Ball
2-0: Ball
3-0: Called Strike
3-1: Called Strike
3-2: Base on Balls
Clarence Coffin to second
Pinch Hitting: LHB Peter Perrantes 0-0: Ball
1-0: DOUBLE (Flyball, 78D)
Clarence Coffin scores
Marcos Avilés to third
Runner from 3rd tries for Home, SAFE, no throw
Batting: RHB Domingo Torres 0-0: Ball
1-0: Called Strike
1-1: Called Strike
1-2: Ball
2-2: Strikes out swinging
Bottom of the 7th over - 2 runs, 1 hit, 0 errors, 1 left on base; Sheridan 2 - Ballard 2
TOP OF THE 8TH
Sheridan Deer batting - Pitching for Ballard Beavers : RHP Gregorio Garza
Now at 3B: Peter Perrantes
Batting: RHB Jorge Carrillo 0-0: Ball
1-0: Fly out, F5 (Line Drive, 6)
Batting: LHB Jeremy Malzahn 0-0: Ball
1-0: Swinging Strike
1-1: Ball
2-1: Called Strike
2-2: Ball
3-2: Strikes out looking
Batting: RHB Daniel Divina 0-0: Ball
1-0: Swinging Strike
1-1: Foul Ball, location: 2F
1-2: Strikes out swinging
Top of the 8th over - 0 runs, 0 hits, 0 errors, 0 left on base; Sheridan 2 - Ballard 2
BOTTOM OF THE 8TH
Ballard Beavers batting - Pitching for Sheridan Deer : RHP Pedro Ángel
Batting: LHB Senichi Ito 0-0: Ground out U3 (Groundball, 3L)
Batting: RHB Carlo Manlulu 0-0: Ball
1-0: Foul Ball, location: 2F
1-1: DOUBLE (Line Drive, 7LM)
Batting: SHB Alberto González 0-0: Ball
1-0: Fly out, F4 (Line Drive, 4M)
Lined into DP, U4 (Line Drive, 4M)
Bottom of the 8th over - 0 runs, 1 hit, 0 errors, 0 left on base; Sheridan 2 - Ballard 2
TOP OF THE 9TH
Sheridan Deer batting - Pitching for Ballard Beavers : RHP Gregorio Garza
Pitching: LHP Samuel Greene
Batting: RHB Zitomir Weich 0-0: DOUBLE (Line Drive, 7LS)
Pinch Hitting: RHB Shigeaki Samurakami 0-0: Intentional Walk
Batting: RHB Gabriel Torres 0-0: SINGLE (Flyball, 7S)
Zitomir Weich to third
Shigeaki Samurakami to second
Pinch Hitting: RHB Pablo Pagán 0-0: Called Strike
0-1: Fly out, F8 (Flyball, 89D)
Runner from 3rd tags up, SCORES, throw made
Pinch Hitting: RHB Tak-wai Jia 0-0: Ball
1-0: Ball
2-0: Called Strike
2-1: Ball
3-1: Swinging Strike
3-2: Foul Ball, location: 2F
3-2: Ground out 5-3 (Groundball, 56S)
Shigeaki Samurakami to third
Gabriel Torres to second
Pinch Hitting: RHB José Hernández 0-0: Foul Ball, location: 2F
0-1: Ball
1-1: Called Strike
1-2: Strikes out swinging
Top of the 9th over - 1 run, 2 hits, 0 errors, 2 left on base; Sheridan 3 - Ballard 2
BOTTOM OF THE 9TH
Ballard Beavers batting - Pitching for Sheridan Deer : RHP Pedro Ángel
Now at C: Tak-wai Jia
Now at 1B: Shigeaki Samurakami
Batting: RHB Bob Smelcer 0-0: Called Strike
Now at 1B: José Hernández
Now at SS: Pablo Pagán 0-1: Foul Ball, location: 2F
0-2: Strikes out looking
Batting: RHB Clarence Coffin 0-0: Ball
1-0: Ball
2-0: Ball
3-0: Called Strike
3-1: Base on Balls
Batting: RHB Jim McMahon 0-0: Ball
1-0: Foul Ball, location: 2F
1-1: Foul Ball, location: 2F
1-2: Ball
2-2: Ball
3-2: Strikes out swinging
Batting: RHB Marcos Avilés 0-0: Called Strike
0-1: Foul Ball, location: 2F
0-2: SINGLE (Line Drive, 56D)
Clarence Coffin to second
Runner from 2nd tries for 3rd, SAFE, no throw
Batting: LHB Peter Perrantes 0-0: Ball
1-0: Foul Ball, location: 2F
1-1: DOUBLE (Line Drive, 7LD)
Clarence Coffin scores
Marcos Avilés to third
Runner from 3rd tries for Home, throw and OUT!
Bottom of the 9th over - 1 run, 2 hits, 0 errors, 1 left on base; Sheridan 3 - Ballard 3
TOP OF THE 10TH
Sheridan Deer batting - Pitching for Ballard Beavers : LHP Samuel Greene
Pitching: LHP Barney Padgett
Batting: RHB Jorge Carrillo 0-0: Ground out 6-3 (Groundball, 6)
Batting: LHB Jeremy Malzahn 0-0: Ball
1-0: Ball
2-0: Called Strike
2-1: Fly out, F7 (Flyball, 7S)
Batting: RHB Daniel Divina 0-0: Ball
1-0: Foul Ball, location: 2F
1-1: Foul Ball, location: 2F
1-2: Ball
2-2: Ball
3-2: Strikes out swinging
Top of the 10th over - 0 runs, 0 hits, 0 errors, 0 left on base; Sheridan 3 - Ballard 3
BOTTOM OF THE 10TH
Ballard Beavers batting - Pitching for Sheridan Deer : RHP Pedro Ángel
Pitching: LHP Jimmy Whitney
Batting: RHB Domingo Torres 0-0: Ground out 1-3 (Groundball, P)
Batting: LHB Senichi Ito 0-0: Foul Ball, location: 2F
0-1: Swinging Strike
0-2: Foul Ball, location: 2F
0-2: SINGLE (Groundball, 4MD)
Batting: RHB Carlo Manlulu 0-0: Foul Ball, location: 2F
0-1: Called Strike
0-2: Ball
1-2: Ball
2-2: Fly out, F5 (Line Drive, 56)
Batting: SHB Alberto González 0-0: Ball
1-0: Called Strike
1-1: Ball
2-1: Fly out, F8 (Flyball, 8LD)
Bottom of the 10th over - 0 runs, 1 hit, 0 errors, 1 left on base; Sheridan 3 - Ballard 3
TOP OF THE 11TH
Sheridan Deer batting - Pitching for Ballard Beavers : LHP Barney Padgett
Batting: RHB Zitomir Weich 0-0: Ball
1-0: Called Strike
1-1: Called Strike
1-2: Ball
2-2: Foul Ball, location: 2F
2-2: Ball
3-2: Ground out 5-3 (Groundball, 56)
Batting: RHB Shigeaki Samurakami 0-0: Ball
1-0: Ball
2-0: Ball
3-0: Base on Balls
Batting: RHB Gabriel Torres 0-0: Ball
1-0: DOUBLE (Line Drive, 78D)
Shigeaki Samurakami to third
Batting: RHB Pablo Pagán 0-0: Foul Ball, location: 2F
0-1: Ball
1-1: Foul Ball, location: 2F
1-2: Ball
2-2: SINGLE (Groundball, 4MD)
Shigeaki Samurakami scores
Gabriel Torres to third
Runner from 3rd tries for Home, SAFE, no throw
Batting: RHB Tak-wai Jia 0-0: Foul Ball, location: 2F
0-1: Foul Ball, location: 2F
0-2: Fly out, F9 (Flyball, 9S)
Batting: RHB José Hernández 0-0: Ball
1-0: Fly out, F4 (Popup, 4MD)
Top of the 11th over - 2 runs, 2 hits, 0 errors, 1 left on base; Sheridan 5 - Ballard 3
BOTTOM OF THE 11TH
Ballard Beavers batting - Pitching for Sheridan Deer : LHP Jimmy Whitney
Batting: RHB Bob Smelcer 0-0: Ball
1-0: Called Strike
1-1: Ball
2-1: Foul Ball, location: 2F
2-2: Strikes out swinging
Batting: RHB Clarence Coffin 0-0: Ground out 6-3 (Groundball, 6)
Batting: RHB Jim McMahon 0-0: Called Strike
0-1: Swinging Strike
0-2: Ball
1-2: Strikes out swinging
Bottom of the 11th over - 0 runs, 0 hits, 0 errors, 0 left on base; Sheridan 5 - Ballard 3
Wednesday, September 19th, 2018 - OOTP Baseball 18.8 Build 76